TOP OF THE 1ST |
Scranton WB RailRiders batting - Pitching for Pawtucket Red Sox : RHP Justin Stinson
|
Pitching: RHP Justin Stinson
|
|
Batting: RHB Devon Utley
|
0-0: Called Strike 0-1: Foul Ball, location: 2F 0-2: Fly out, F8 (Flyball, 78M, EV 90.6 MPH)
|
Batting: LHB Aaron Joyner
|
0-0: Ground out 4-3 (Groundball, 34D, EV 104.4 MPH)
|
Batting: SHB Mukhtar Wa'il
|
0-0: Called Strike 0-1: Ground out U3 (Groundball, 34, EV 101.2 MPH)
|
Top of the 1st over - 0 runs, 0 hits, 0 errors, 0 left on base; Scranton WB 0 - Pawtucket 0 |
BOTTOM OF THE 1ST |
Pawtucket Red Sox batting - Pitching for Scranton WB RailRiders : RHP Jason Sterner
|
Pitching: RHP Jason Sterner
|
|
Batting: RHB Andy Garvin
|
0-0: DOUBLE (Groundball, 3L, EV 104.4 MPH)
|
Batting: RHB Rodolfo Contreras
|
0-0: Called Strike 0-1: Called Strike 0-2: Foul Ball, location: 2F 0-2: Foul Ball, location: 2F 0-2: Strikes out looking
|
Batting: SHB Ben Ervin
|
0-0: Ball 1-0: Ball 2-0: Ball 3-0: Called Strike 3-1: SINGLE (Groundball, 34D, EV 106.9 MPH) Andy Garvin to third Runner from 3rd tries for Home, SAFE, throw by RF to home Ben Ervin to second
|
Batting: SHB Willie Koviak
|
0-0: Ball 1-0: Called Strike 1-1: Ground out 6-3 (Groundball, P, EV 91.2 MPH) Ben Ervin to third
|
Batting: RHB Brandon Perris
|
0-0: Fly out, F9 (Flyball, 89D, EV 98.1 MPH)
|
Bottom of the 1st over - 1 run, 2 hits, 0 errors, 1 left on base; Scranton WB 0 - Pawtucket 1 |
TOP OF THE 2ND |
Scranton WB RailRiders batting - Pitching for Pawtucket Red Sox : RHP Justin Stinson
|
Batting: SHB Ryan Buchbinder
|
0-0: Ball 1-0: Ball 2-0: Foul Ball, location: 2F 2-1: SINGLE (Flyball, 4MD, EV 82.5 MPH)
|
Batting: LHB Dan Morris
|
0-0: Called Strike Ryan Buchbinder is caught stealing 2nd base 2-6 0-1: Ball 1-1: Swinging Strike 1-2: Strikes out looking
|
Batting: RHB Andy Wasierski
|
0-0: Ball 1-0: Foul Ball, location: 2F 1-1: Ball 2-1: Ball 3-1: Ground out 6-3 (Groundball, 6M, EV 87.5 MPH)
|
Top of the 2nd over - 0 runs, 1 hit, 0 errors, 0 left on base; Scranton WB 0 - Pawtucket 1 |
BOTTOM OF THE 2ND |
Pawtucket Red Sox batting - Pitching for Scranton WB RailRiders : RHP Jason Sterner
|
Batting: LHB Frank Olivo
|
0-0: Called Strike 0-1: Ground out 4-3 (Groundball, 4, EV 102.5 MPH)
|
Batting: RHB Joe Sandoval
|
0-0: Ball 1-0: Called Strike 1-1: Ball 2-1: Ball 3-1: Base on Balls
|
Batting: RHB Sal Rivera
|
0-0: Fly out, F7 (Flyball, 7, EV 78.8 MPH)
|
Batting: RHB Neil Mautone
|
0-0: Ball 1-0: Fly out, F8 (Line Drive, 8LM, EV 91.2 MPH)
|
Bottom of the 2nd over - 0 runs, 0 hits, 0 errors, 1 left on base; Scranton WB 0 - Pawtucket 1 |
TOP OF THE 3RD |
Scranton WB RailRiders batting - Pitching for Pawtucket Red Sox : RHP Justin Stinson
|
Batting: SHB Jose Vargas
|
0-0: Ball 1-0: Ball 2-0: Ball 3-0: Called Strike 3-1: Foul Ball, location: 2F 3-2: Ground out 3-1 (Groundball, 34S, EV 79.4 MPH)
|
Batting: RHB Josh Zoglmann
|
0-0: Swinging Strike 0-1: Called Strike 0-2: Ball 1-2: Strikes out looking
|
Batting: SHB Joe Fure
|
0-0: Foul Ball, location: 2F 0-1: SOLO HOME RUN (Flyball, 89XD, EV 97.5 MPH), Distance : 386 ft
|
Batting: RHB Devon Utley
|
0-0: Called Strike 0-1: Foul Ball, location: 2F 0-2: Ball 1-2: Ball 2-2: Foul Ball, location: 2F 2-2: Ball 3-2: Base on Balls
|
Batting: LHB Aaron Joyner
|
0-0: Called Strike Devon Utley is caught stealing 2nd base 2-6
|
Top of the 3rd over - 1 run, 1 hit, 0 errors, 0 left on base; Scranton WB 1 - Pawtucket 1 |
BOTTOM OF THE 3RD |
Pawtucket Red Sox batting - Pitching for Scranton WB RailRiders : RHP Jason Sterner
|
Batting: RHB Andy Garvin
|
0-0: Foul Ball, location: 2F 0-1: Ball 1-1: Ball 2-1: Swinging Strike 2-2: Ground out U3 (Groundball, 23, EV 88.1 MPH)
|
Batting: RHB Rodolfo Contreras
|
0-0: Ground out 5-3 (Groundball, 56, EV 90.0 MPH)
|
Batting: SHB Ben Ervin
|
0-0: Ground out 6-3 (Groundball, 6, EV 96.2 MPH)
|
Bottom of the 3rd over - 0 runs, 0 hits, 0 errors, 0 left on base; Scranton WB 1 - Pawtucket 1 |
TOP OF THE 4TH |
Scranton WB RailRiders batting - Pitching for Pawtucket Red Sox : RHP Justin Stinson
|
Batting: LHB Aaron Joyner
|
0-0: Ground out 4-3 (Groundball, 4S, EV 68.8 MPH)
|
Batting: SHB Mukhtar Wa'il
|
0-0: Ball 1-0: Ground out 6-3 (Groundball, 4, EV 102.5 MPH)
|
Batting: SHB Ryan Buchbinder
|
0-0: Called Strike 0-1: Foul Ball, location: 2F 0-2: Ball 1-2: Ball 2-2: Ball 3-2: SINGLE (Flyball, 89S, EV 92.5 MPH)
|
Batting: LHB Dan Morris
|
0-0: Fly out, F1 (Line Drive, P, EV 76.9 MPH)
|
Top of the 4th over - 0 runs, 1 hit, 0 errors, 1 left on base; Scranton WB 1 - Pawtucket 1 |
BOTTOM OF THE 4TH |
Pawtucket Red Sox batting - Pitching for Scranton WB RailRiders : RHP Jason Sterner
|
Batting: SHB Willie Koviak
|
0-0: Called Strike 0-1: Ball 1-1: Ground out 4-3 (Groundball, 34, EV 99.4 MPH)
|
Batting: RHB Brandon Perris
|
0-0: Foul Ball, location: 2F 0-1: Foul Ball, location: 2F 0-2: Foul Ball, location: 2F 0-2: Strikes out swinging
|
Batting: LHB Frank Olivo
|
0-0: Ball 1-0: Ball 2-0: Ball 3-0: Called Strike 3-1: Fly out, F9 (Flyball, 89M, EV 96.9 MPH)
|
Bottom of the 4th over - 0 runs, 0 hits, 0 errors, 0 left on base; Scranton WB 1 - Pawtucket 1 |
TOP OF THE 5TH |
Scranton WB RailRiders batting - Pitching for Pawtucket Red Sox : RHP Justin Stinson
|
Batting: RHB Andy Wasierski
|
0-0: Swinging Strike 0-1: Foul Ball, location: 2F 0-2: Ball 1-2: Strikes out swinging
|
Batting: SHB Jose Vargas
|
0-0: Ball 1-0: Called Strike 1-1: Ball 2-1: Ground out 1-3 (Groundball, 13S, EV 71.2 MPH)
|
Batting: RHB Josh Zoglmann
|
0-0: Ground out 5-3 (Groundball, 5L, EV 87.5 MPH)
|
Top of the 5th over - 0 runs, 0 hits, 0 errors, 0 left on base; Scranton WB 1 - Pawtucket 1 |
BOTTOM OF THE 5TH |
Pawtucket Red Sox batting - Pitching for Scranton WB RailRiders : RHP Jason Sterner
|
Batting: RHB Joe Sandoval
|
0-0: Ball 1-0: Ball 2-0: Called Strike 2-1: Called Strike 2-2: Strikes out looking
|
Batting: RHB Sal Rivera
|
0-0: Called Strike 0-1: Foul Ball, location: 2F 0-2: Ball 1-2: Ball 2-2: Strikes out looking
|
Batting: RHB Neil Mautone
|
0-0: Ball 1-0: Foul Ball, location: 2F 1-1: SINGLE (Groundball, 56D, EV 100.6 MPH)
|
Batting: RHB Andy Garvin
|
0-0: Fly out, F8 (Line Drive, 8RD, EV 96.9 MPH)
|
Bottom of the 5th over - 0 runs, 1 hit, 0 errors, 1 left on base; Scranton WB 1 - Pawtucket 1 |
TOP OF THE 6TH |
Scranton WB RailRiders batting - Pitching for Pawtucket Red Sox : RHP Justin Stinson
|
Batting: SHB Joe Fure
|
0-0: Ball 1-0: Foul Ball, location: 2F 1-1: Swinging Strike 1-2: Strikes out swinging
|
Batting: RHB Devon Utley
|
0-0: Called Strike 0-1: Swinging Strike 0-2: Fly out, F8 (Flyball, 8RM, EV 88.1 MPH)
|
Batting: LHB Aaron Joyner
|
0-0: Foul Ball, location: 2F 0-1: Swinging Strike 0-2: Ball 1-2: Strikes out looking
|
Top of the 6th over - 0 runs, 0 hits, 0 errors, 0 left on base; Scranton WB 1 - Pawtucket 1 |
BOTTOM OF THE 6TH |
Pawtucket Red Sox batting - Pitching for Scranton WB RailRiders : RHP Jason Sterner
|
Batting: RHB Rodolfo Contreras
|
0-0: Called Strike 0-1: Fly out, F8 (Flyball, 8RD, EV 93.1 MPH)
|
Batting: SHB Ben Ervin
|
0-0: Ball 1-0: Called Strike 1-1: Ball 2-1: Foul Ball, location: 2F 2-2: Foul Ball, location: 2F 2-2: Foul Ball, location: 2F 2-2: Strikes out looking
|
Batting: SHB Willie Koviak
|
0-0: Ball 1-0: Swinging Strike 1-1: Foul Ball, location: 2F 1-2: Foul Ball, location: 2F 1-2: Ball 2-2: Ground out 5-3 (Groundball, 56, EV 83.8 MPH)
|
Bottom of the 6th over - 0 runs, 0 hits, 0 errors, 0 left on base; Scranton WB 1 - Pawtucket 1 |
TOP OF THE 7TH |
Scranton WB RailRiders batting - Pitching for Pawtucket Red Sox : RHP Justin Stinson
|
Batting: SHB Mukhtar Wa'il
|
0-0: Ball 1-0: Foul Ball, location: 2F 1-1: Ball 2-1: Swinging Strike 2-2: Foul Ball, location: 2F 2-2: Fly out, F6 (Flyball, 6MD, EV 88.8 MPH)
|
Batting: SHB Ryan Buchbinder
|
0-0: SINGLE (Line Drive, 8LS, EV 93.8 MPH)
|
Batting: LHB Dan Morris
|
0-0: Ball 1-0: Foul Ball, location: 2F 1-1: Ball Pickoff Throw by Catcher to First - Out! 2-1: Ball 3-1: Called Strike 3-2: SINGLE (Groundball, 4MD, EV 104.4 MPH) (infield hit)
|
Batting: RHB Andy Wasierski
|
0-0: Ball 1-0: Called Strike Dan Morris steals 2nd base 1-1: SINGLE (Line Drive, 6D, EV 101.2 MPH) Dan Morris to third
|
Batting: SHB Jose Vargas
|
0-0: Called Strike 0-1: Ball 1-1: Ball 2-1: Foul Ball, location: 2F 2-2: Fly out, F3 (Line Drive, 3L, EV 62.5 MPH)
|
Top of the 7th over - 0 runs, 3 hits, 0 errors, 2 left on base; Scranton WB 1 - Pawtucket 1 |
BOTTOM OF THE 7TH |
Pawtucket Red Sox batting - Pitching for Scranton WB RailRiders : RHP Jason Sterner
|
Batting: RHB Brandon Perris
|
0-0: SINGLE (Groundball, 4MD, EV 96.2 MPH)
|
Batting: LHB Frank Olivo
|
0-0: Ball 1-0: SINGLE (Groundball, 4MD, EV 104.4 MPH) Brandon Perris to second
|
Batting: RHB Joe Sandoval
|
0-0: Swinging Strike 0-1: Foul Ball, location: 2F 0-2: Strikes out looking
|
Batting: RHB Sal Rivera
|
0-0: Ball 1-0: Grounds into double play, 6-4-3 (Groundball, 56, EV 102.5 MPH)
|
Bottom of the 7th over - 0 runs, 2 hits, 0 errors, 1 left on base; Scranton WB 1 - Pawtucket 1 |
TOP OF THE 8TH |
Scranton WB RailRiders batting - Pitching for Pawtucket Red Sox : RHP Justin Stinson
|
Pinch Hitting: LHB Paul Diaz
|
0-0: Ball 1-0: Called Strike 1-1: Foul Ball, location: 2F 1-2: Foul Ball, location: 2F 1-2: Foul Ball, location: 2F 1-2: Strikes out swinging
|
Pitching: LHP John Hotham
|
|
Batting: SHB Joe Fure
|
0-0: Fly out, F7 (Flyball, 7LM, EV 84.4 MPH)
|
Batting: RHB Devon Utley
|
0-0: Called Strike 0-1: Foul Ball, location: 2F 0-2: Ball 1-2: Foul Ball, location: 2F 1-2: Foul Ball, location: 2F 1-2: Fly out, F8 (Flyball, 78S, EV 91.2 MPH)
|
Top of the 8th over - 0 runs, 0 hits, 0 errors, 0 left on base; Scranton WB 1 - Pawtucket 1 |
BOTTOM OF THE 8TH |
Pawtucket Red Sox batting - Pitching for Scranton WB RailRiders : RHP Jason Sterner
|
Now at 2B: Paul Diaz
|
|
Now at SS: Andy Wasierski
|
|
Batting: RHB Neil Mautone
|
0-0: Ball 1-0: Foul Ball, location: 2F 1-1: Foul Ball, location: 2F 1-2: Strikes out swinging
|
Pinch Hitting: LHB Julian Toney
|
0-0: Ball 1-0: Foul Ball, location: 2F 1-1: Ball 2-1: Swinging Strike 2-2: Ball 3-2: Foul Ball, location: 2F 3-2: Base on Balls
|
Batting: RHB Rodolfo Contreras
|
0-0: Ball Julian Toney steals 2nd base (no throw) 1-0: Ball 2-0: Ball 3-0: Called Strike 3-1: Swinging Strike 3-2: DOUBLE (Line Drive, 7LD, EV 110.0 MPH) Julian Toney scores
|
Pitching: RHP Whitney Batten
|
|
Batting: SHB Ben Ervin
|
0-0: Swinging Strike 0-1: Called Strike 0-2: Foul Ball, location: 2F 0-2: Foul Ball, location: 2F 0-2: Ball 1-2: Strikes out swinging
|
Batting: SHB Willie Koviak
|
0-0: Called Strike 0-1: Fly out, F8 (Flyball, 8LM, EV 94.4 MPH)
|
Bottom of the 8th over - 1 run, 1 hit, 0 errors, 1 left on base; Scranton WB 1 - Pawtucket 2 |
TOP OF THE 9TH |
Scranton WB RailRiders batting - Pitching for Pawtucket Red Sox : LHP John Hotham
|
Pitching: RHP Jose Escobar
|
|
Now at 1B: Carlos Nolasco
|
|
Batting: LHB Aaron Joyner
|
0-0: Ball 1-0: Foul Ball, location: 2F 1-1: Ball 2-1: SINGLE (Line Drive, 56, EV 94.4 MPH)
|
Batting: SHB Mukhtar Wa'il
|
0-0: Called Strike 0-1: Ball 1-1: Called Strike 1-2: Strikes out swinging
|
Batting: SHB Ryan Buchbinder
|
0-0: Ball 1-0: SINGLE (Line Drive, 6D, EV 95.0 MPH) Aaron Joyner to second Runner from 2nd tries for 3rd, OUT! 8-5
|
Batting: LHB Dan Morris
|
0-0: Ball 1-0: Ball 2-0: Ball 3-0: Called Strike 3-1: Ground out 6-3 (Groundball, 56S, EV 75.6 MPH)
|
Top of the 9th over - 0 runs, 2 hits, 0 errors, 1 left on base; Scranton WB 1 - Pawtucket 2 |
|